General information
- name: BNet
- type: Ladder team game (AT/RT)
- host: Battle.net
- saver: Strydlied
map: Cherryville
- players: 8
- length: 34:12
- speed: Fast
- version: 1.26 W3XP
- replay type: Public
» download(191 KB)
Players
team 1 (loser)
damagedone (
pink | 31 APM | 677 actions | 21:53)
4 Death Knight
2 Death Coil
2 Death Pact
2 Lich
1 Frost Nova
1 Frost Armor
» actions
| Basic commands | 10 | |
| Build / train | 63 | |
| Enter build submenu | 22 | |
| Enter hero's abilities submenu | 6 | |
| Give item / drop item | 7 | |
| Remove unit from queue | 2 | |
| Right click | 308 | |
| Select / deselect | 197 | |
| Use ability | 62 | |
677 total
» units
| Acolyte | 9 | |
| Ghoul | 5 | |
| Crypt Fiend | 11 | |
| Frost Wyrm | 2 | |
27 total
» upgrades
| Web | 1 | |
| Creature Carapace | 1 | |
| Creature Attack | 1 | |
3 total
» buildings
| Ziggurat | 8 | |
| Crypt | 1 | |
| Tomb of Relics | 3 | |
| Altar of Darkness | 1 | |
| Graveyard | 1 | |
| Nerubian Tower | 1 | |
| Halls of the Dead | 1 | |
| Black Citadel | 1 | |
| Sacrificial Pit | 1 | |
| Necropolis | 1 | |
| Boneyard | 2 | |
| Spirit Tower | 4 | |
25 total
» build order
00:55 Ziggurat
01:02 Crypt
01:07 Tomb of Relics
01:14 Altar of Darkness
01:19 Tomb of Relics
01:56 Ziggurat
02:20 Graveyard
02:23 Nerubian Tower
03:16 Ziggurat
04:45 Halls of the Dead
06:58 Ziggurat
09:31 Black Citadel
09:35 Sacrificial Pit
10:34 Ziggurat
10:36 Ziggurat
10:39 Ziggurat
10:42 Ziggurat
11:09 Necropolis
12:00 Boneyard
12:09 Spirit Tower
12:10 Spirit Tower
12:19 Boneyard
15:00 Tomb of Relics
15:03 Spirit Tower
15:09 Spirit Tower
» items
| Rod of Necromancy | 2 | |
| Potion of Healing | 3 | |
| Potion of Mana | 1 | |
| Potion of Lesser Invulnerability | 3 | |
| Scroll of Healing | 2 | |
| Scroll of Town Portal | 4 | |
| Periapt of Vitality | 1 | |
| Scroll of Protection | 1 | |
17 total
MY-BDAY-TODAY. (
red | 66 APM | 2255 actions | 34:12)
4 Blademaster
2 Wind Walk
2 Critical Strike
3 Shadow Hunter
1 Hex
2 Healing Wave
» actions
| Assign group hotkey | 67 | |
| Basic commands | 34 | |
| Build / train | 80 | |
| Enter build submenu | 34 | |
| Enter hero's abilities submenu | 7 | |
| Give item / drop item | 6 | |
| Remove unit from queue | 4 | |
| Right click | 804 | |
| Select / deselect | 269 | |
| Select group hotkey | 812 | |
| Use ability | 138 | |
2255 total
» units
| Peon | 18 | |
| Wind Rider | 4 | |
| Gargoyle | 5 | |
| Troll Batrider | 6 | |
| Raider | 3 | |
36 total
» upgrades
| Armor | 2 | |
| Reinforced Defenses | 1 | |
| Envenomed Spears | 1 | |
| Ranged Weapons | 2 | |
| Ensnare | 1 | |
| Creature Attack | 1 | |
| Creature Carapace | 1 | |
| Melee Weapons | 1 | |
10 total
» buildings
| Altar of Storms | 1 | |
| Orc Burrow | 8 | |
| War Mill | 1 | |
| Voodoo Lounge | 2 | |
| Watch Tower | 33 | |
| Stronghold | 2 | |
| Nerubian Tower | 2 | |
| Fortress | 2 | |
| Beastiary | 3 | |
| Halls of the Dead | 1 | |
| Ziggurat | 6 | |
| Black Citadel | 1 | |
| Sacrificial Pit | 1 | |
| Graveyard | 1 | |
64 total
» build order
00:09 Altar of Storms
00:15 Orc Burrow
00:47 War Mill
01:25 Voodoo Lounge
02:05 Watch Tower
02:14 Watch Tower
02:35 Watch Tower
03:43 Stronghold
03:44 Stronghold
03:46 Watch Tower
03:50 Watch Tower
04:17 Orc Burrow
04:28 Watch Tower
04:42 Orc Burrow
04:47 Orc Burrow
05:57 Nerubian Tower
06:15 Fortress
07:01 Beastiary
07:08 Halls of the Dead
07:12 Ziggurat
07:13 Ziggurat
07:13 Ziggurat
07:14 Ziggurat
07:14 Ziggurat
07:15 Ziggurat
07:24 Beastiary
07:42 Watch Tower
07:46 Watch Tower
09:18 Orc Burrow
10:11 Beastiary
10:16 Orc Burrow
11:14 Watch Tower
11:15 Watch Tower
12:36 Black Citadel
12:39 Sacrificial Pit
12:48 Graveyard
12:51 Nerubian Tower
13:25 Watch Tower
13:26 Watch Tower
13:26 Watch Tower
15:49 Watch Tower
15:50 Watch Tower
15:50 Watch Tower
15:51 Watch Tower
15:52 Watch Tower
15:53 Watch Tower
15:54 Watch Tower
15:54 Watch Tower
16:47 Watch Tower
16:47 Watch Tower
17:12 Watch Tower
17:12 Watch Tower
17:13 Watch Tower
17:13 Watch Tower
17:14 Watch Tower
18:19 Watch Tower
18:21 Watch Tower
18:33 Watch Tower
18:34 Watch Tower
19:38 Voodoo Lounge
27:35 Orc Burrow
27:35 Orc Burrow
» items
| Healing Salve | 3 | |
| Lesser Clarity Potion | 2 | |
| Staff of Teleportation | 1 | |
| Orb of Lightning | 2 | |
| Tiny Great Hall | 1 | |
| Potion of Mana | 1 | |
| Potion of Lesser Invulnerability | 1 | |
| Scroll of Town Portal | 1 | |
12 total

»
pooppooppoop (
green | 18 APM | 100 actions | 05:33)
1 Death Knight
1 Death Coil
» actions
| Assign group hotkey | 2 | |
| Basic commands | 1 | |
| Build / train | 13 | |
| Enter build submenu | 6 | |
| Enter hero's abilities submenu | 1 | |
| Remove unit from queue | 1 | |
| Right click | 18 | |
| Select / deselect | 42 | |
| Select group hotkey | 9 | |
| Use ability | 7 | |
100 total
» units
» buildings
| Crypt | 2 | |
| Ziggurat | 3 | |
| Altar of Darkness | 1 | |
6 total
» build order
00:29 Crypt
00:35 Ziggurat
01:08 Altar of Darkness
02:17 Crypt
02:36 Ziggurat
04:10 Ziggurat
ILoveElf (
orange | 35 APM | 682 actions | 19:20)
3 Paladin
2 Holy Light
1 Devotion Aura
2 Mountain King
1 Storm Bolt
1 Bash
» actions
| Assign group hotkey | 12 | |
| Basic commands | 24 | |
| Build / train | 64 | |
| ESC pressed | 1 | |
| Enter build submenu | 18 | |
| Enter hero's abilities submenu | 5 | |
| Right click | 215 | |
| Select / deselect | 242 | |
| Select group hotkey | 37 | |
| Use ability | 64 | |
682 total
» units
» upgrades
| Lumber Harvesting | 2 | |
| Swords | 3 | |
| Plating | 3 | |
| Animal War Training | 1 | |
| Masonry | 1 | |
10 total
» buildings
| Farm | 10 | |
| Altar of Kings | 1 | |
| Town Hall | 1 | |
| Keep | 1 | |
| Lumber Mill | 1 | |
| Scout Tower | 10 | |
| Guard Tower | 4 | |
| Blacksmith | 1 | |
| Barracks | 2 | |
| Castle | 1 | |
| Arcane Vault | 1 | |
33 total
» build order
00:32 Farm
00:33 Farm
00:34 Farm
01:34 Altar of Kings
04:07 Town Hall
05:33 Keep
05:39 Lumber Mill
05:45 Scout Tower
05:46 Scout Tower
05:54 Scout Tower
05:59 Scout Tower
06:04 Scout Tower
06:44 Guard Tower
06:57 Guard Tower
07:36 Blacksmith
07:42 Barracks
07:43 Barracks
08:13 Farm
08:14 Farm
08:16 Farm
08:17 Farm
08:25 Castle
09:14 Farm
09:15 Farm
09:15 Farm
12:45 Scout Tower
12:48 Scout Tower
12:56 Arcane Vault
14:49 Guard Tower
16:33 Scout Tower
16:34 Scout Tower
16:35 Scout Tower
17:56 Guard Tower
» items
| Staff of Sanctuary | 1 | |
| Orb of Fire | 1 | |
| Potion of Mana | 1 | |
| Scroll of Town Portal | 3 | |
| Orb of Lightning | 1 | |
7 total
team 2 (winner)

»
WarFreakz (
teal | 38 APM | 1287 actions | 34:12)
4 Archmage
2 Summon Water Elemental
2 Brilliance Aura
2 Paladin
1 Holy Light
1 Divine Shield
2 Mountain King
1 Storm Bolt
1 Bash
» actions
| Assign group hotkey | 60 | |
| Basic commands | 2 | |
| Build / train | 71 | |
| Enter build submenu | 23 | |
| Enter hero's abilities submenu | 8 | |
| Right click | 791 | |
| Select / deselect | 180 | |
| Select group hotkey | 99 | |
| Use ability | 53 | |
1287 total
» units
| Peasant | 17 | |
| Footman | 8 | |
| Priest | 2 | |
| Gryphon Rider | 8 | |
| Dragonhawk Rider | 2 | |
| Rifleman | 2 | |
39 total
» upgrades
| Defend | 1 | |
| Lumber Harvesting | 2 | |
| Priest Training | 2 | |
| Swords | 3 | |
| Armor | 2 | |
| Storm Hammers | 1 | |
| Masonry | 1 | |
12 total
» buildings
| Altar of Kings | 1 | |
| Farm | 9 | |
| Barracks | 1 | |
| Scout Tower | 4 | |
| Arcane Tower | 2 | |
| Arcane Vault | 1 | |
| Lumber Mill | 1 | |
| Town Hall | 2 | |
| Guard Tower | 2 | |
| Keep | 1 | |
| Arcane Sanctum | 1 | |
| Castle | 1 | |
| Gryphon Aviary | 2 | |
| Blacksmith | 1 | |
29 total
» build order
00:16 Altar of Kings
00:23 Farm
00:45 Barracks
01:16 Scout Tower
01:45 Farm
01:50 Arcane Tower
02:20 Arcane Vault
02:38 Farm
03:49 Lumber Mill
04:42 Farm
05:29 Town Hall
05:39 Scout Tower
05:43 Scout Tower
05:48 Scout Tower
06:11 Guard Tower
06:13 Arcane Tower
06:16 Guard Tower
06:32 Keep
07:06 Farm
07:31 Farm
08:11 Farm
09:11 Arcane Sanctum
10:14 Castle
10:43 Gryphon Aviary
11:31 Gryphon Aviary
12:54 Farm
13:02 Blacksmith
14:57 Farm
27:08 Town Hall
» items
Strydlied (
blue | 89 APM | 3062 actions | 34:12)
6 Archmage
3 Summon Water Elemental
2 Brilliance Aura
1 Mass Teleport
4 Mountain King
2 Storm Bolt
2 Bash
» actions
| Assign group hotkey | 148 | |
| Basic commands | 289 | |
| Build / train | 163 | |
| ESC pressed | 2 | |
| Enter build submenu | 32 | |
| Enter hero's abilities submenu | 10 | |
| Give item / drop item | 18 | |
| Remove unit from queue | 1 | |
| Right click | 1003 | |
| Select / deselect | 421 | |
| Select group hotkey | 803 | |
| Use ability | 172 | |
3062 total
» units
| Peasant | 22 | |
| Footman | 9 | |
| Goblin Shredder | 5 | |
| Gryphon Rider | 10 | |
| Dragonhawk Rider | 2 | |
48 total
» upgrades
| Masonry | 3 | |
| Swords | 3 | |
| Lumber Harvesting | 2 | |
| Armor | 3 | |
| Animal War Training | 1 | |
| Storm Hammers | 2 | |
| Cloud | 1 | |
| Gunpowder | 3 | |
| Plating | 3 | |
| Backpack | 1 | |
22 total
» buildings
| Altar of Kings | 1 | |
| Barracks | 1 | |
| Farm | 10 | |
| Arcane Vault | 1 | |
| Lumber Mill | 1 | |
| Town Hall | 3 | |
| Keep | 2 | |
| Blacksmith | 1 | |
| Castle | 4 | |
| Gryphon Aviary | 4 | |
| Scout Tower | 14 | |
| Guard Tower | 21 | |
63 total
» build order
00:54 Altar of Kings
00:56 Barracks
00:58 Farm
01:07 Farm
01:42 Farm
02:05 Arcane Vault
02:12 Lumber Mill
02:27 Farm
04:11 Town Hall
04:58 Keep
05:35 Blacksmith
06:56 Farm
07:26 Castle
07:27 Castle
07:27 Castle
09:33 Gryphon Aviary
09:34 Gryphon Aviary
11:46 Town Hall
15:15 Scout Tower
15:17 Scout Tower
15:18 Scout Tower
15:19 Scout Tower
15:20 Scout Tower
15:21 Scout Tower
15:22 Scout Tower
15:55 Guard Tower
15:55 Guard Tower
15:56 Guard Tower
16:00 Guard Tower
16:17 Guard Tower
16:17 Guard Tower
16:25 Guard Tower
16:25 Guard Tower
16:27 Guard Tower
16:27 Guard Tower
16:45 Guard Tower
16:46 Guard Tower
16:46 Guard Tower
18:39 Scout Tower
18:40 Scout Tower
18:43 Scout Tower
19:08 Town Hall
19:15 Scout Tower
19:16 Scout Tower
19:17 Scout Tower
19:19 Guard Tower
19:31 Scout Tower
21:15 Guard Tower
21:45 Gryphon Aviary
21:49 Gryphon Aviary
27:04 Farm
27:06 Farm
27:07 Farm
27:08 Farm
27:09 Farm
» items
| Staff of Teleportation | 2 | |
| Periapt of Vitality | 1 | |
| Scroll of Regeneration | 2 | |
| Scroll of Town Portal | 3 | |
| Staff of Sanctuary | 1 | |
| Potion of Healing | 1 | |
10 total
OutOfPlace (
purple | 45 APM | 1547 actions | 34:12)
6 Archmage
3 Summon Water Elemental
2 Brilliance Aura
1 Mass Teleport
» actions
| Assign group hotkey | 18 | |
| Basic commands | 219 | |
| Build / train | 70 | |
| Enter build submenu | 46 | |
| Enter hero's abilities submenu | 6 | |
| Give item / drop item | 10 | |
| Remove unit from queue | 1 | |
| Right click | 608 | |
| Select / deselect | 306 | |
| Select group hotkey | 153 | |
| Use ability | 110 | |
1547 total
» units
| Peasant | 14 | |
| Footman | 5 | |
| Goblin Shredder | 1 | |
| Gryphon Rider | 5 | |
25 total
» upgrades
| Masonry | 2 | |
| Storm Hammers | 1 | |
| Swords | 3 | |
| Armor | 3 | |
| Animal War Training | 1 | |
| Cloud | 1 | |
11 total
» buildings
| Altar of Kings | 1 | |
| Barracks | 1 | |
| Farm | 8 | |
| Lumber Mill | 1 | |
| Keep | 1 | |
| Town Hall | 2 | |
| Scout Tower | 31 | |
| Guard Tower | 13 | |
| Arcane Vault | 2 | |
| Castle | 1 | |
| Gryphon Aviary | 6 | |
| Blacksmith | 2 | |
69 total
» build order
00:37 Altar of Kings
00:38 Barracks
00:55 Farm
00:56 Farm
01:07 Farm
01:48 Farm
03:11 Lumber Mill
04:13 Keep
04:40 Town Hall
04:42 Scout Tower
04:42 Scout Tower
04:50 Scout Tower
04:50 Scout Tower
04:51 Scout Tower
04:57 Scout Tower
05:11 Guard Tower
05:46 Guard Tower
05:48 Guard Tower
06:30 Arcane Vault
06:33 Guard Tower
06:43 Farm
07:56 Guard Tower
07:58 Castle
08:36 Scout Tower
08:37 Scout Tower
08:37 Scout Tower
08:38 Scout Tower
08:40 Scout Tower
08:42 Scout Tower
09:21 Guard Tower
10:23 Town Hall
10:25 Scout Tower
10:25 Scout Tower
10:25 Scout Tower
10:26 Scout Tower
10:27 Scout Tower
10:28 Scout Tower
10:28 Scout Tower
10:29 Scout Tower
10:31 Scout Tower
10:55 Guard Tower
10:57 Guard Tower
11:04 Gryphon Aviary
11:07 Gryphon Aviary
11:11 Gryphon Aviary
11:16 Gryphon Aviary
11:32 Guard Tower
11:42 Guard Tower
12:28 Guard Tower
12:40 Blacksmith
12:43 Blacksmith
15:02 Arcane Vault
16:02 Farm
21:40 Farm
21:43 Farm
21:53 Scout Tower
21:54 Scout Tower
21:54 Scout Tower
21:55 Scout Tower
21:56 Scout Tower
21:58 Scout Tower
21:58 Scout Tower
21:59 Scout Tower
22:00 Scout Tower
22:32 Gryphon Aviary
22:33 Gryphon Aviary
25:18 Guard Tower
25:21 Guard Tower
» items
| Scroll of Regeneration | 5 | |
| Scroll of Town Portal | 2 | |
| Potion of Healing | 4 | |
11 total
Tk_All_Day (
yellow | 42 APM | 1170 actions | 27:57)
6 Priestess of the Moon
3 Trueshot Aura
2 Searing Arrows
1 Starfall
» actions
| Assign group hotkey | 24 | |
| Basic commands | 9 | |
| Build / train | 53 | |
| Enter build submenu | 15 | |
| Enter hero's abilities submenu | 6 | |
| Right click | 704 | |
| Select / deselect | 209 | |
| Select group hotkey | 107 | |
| Use ability | 43 | |
1170 total
» units
| Wisp | 11 | |
| Archer | 13 | |
| Hippogryph | 10 | |
34 total
» upgrades
| Hippogryph Taming | 1 | |
| Improved Bows | 1 | |
| Strength of the Moon | 3 | |
| Moon Armor | 3 | |
| Marksmanship | 1 | |
9 total
» buildings
| Altar of Elders | 1 | |
| Moon Well | 13 | |
| Ancient of War | 2 | |
| Tree of Ages | 1 | |
| Hunter's Hall | 1 | |
| Ancient of Wind | 3 | |
| Tree of Eternity | 1 | |
22 total
» build order
00:15 Altar of Elders
00:21 Moon Well
00:49 Ancient of War
01:49 Moon Well
01:53 Moon Well
03:47 Tree of Ages
03:58 Ancient of War
04:10 Hunter's Hall
06:35 Ancient of Wind
06:43 Ancient of Wind
06:54 Ancient of Wind
07:02 Moon Well
07:04 Moon Well
07:14 Moon Well
07:15 Moon Well
07:16 Moon Well
08:59 Tree of Eternity
19:22 Moon Well
19:24 Moon Well
19:25 Moon Well
19:38 Moon Well
19:39 Moon Well
Chat log
(00:06 / All) MY-BDAY-TODAY.: gina #1
(00:12 / All) WarFreakz: =)
(00:20 / All) pooppooppoop: bitch
(00:28 / All) WarFreakz: +)
(00:37 / All) MY-BDAY-TODAY.: idle hero?
(00:52 / All) OutOfPlace: Every Gina I've ever met was an insufferable cunt
(01:03 / All) Strydlied: I've never met someone with that name
(01:12 / Allies) Tk_All_Day: 3 human
(01:13 / Allies) Tk_All_Day: 1 ne
(01:21 / Allies) WarFreakz: rush
(01:27 / Allies) Tk_All_Day: kk
(01:29 / Allies) OutOfPlace: I'm not rushing shit
(01:31 / Allies) Strydlied: This is an 11 year old game
(01:34 / Allies) Strydlied: Rushing is pointless
(01:34 / Allies) OutOfPlace: I'm gonna relax and enjoy myself
(01:38 / Allies) Strydlied: Why play for record in an 11 year old game
(01:40 / Allies) OutOfPlace: Nice macro game
(01:45 / All) MY-BDAY-TODAY.: u remember mugaro gina?
(01:55 / All) WarFreakz: ya hes on vent now
(02:40 / All) MY-BDAY-TODAY.: u still talk to smerb?
(02:56 / Allies) Tk_All_Day: humans get expansions
(02:58 / All) WarFreakz: he got abducted
(03:02 / Allies) Strydlied: Yes they do
(03:03 / All) MY-BDAY-TODAY.: wat
(04:29 / Allies) OutOfPlace: fucking piece of shit creep
(04:37 / Allies) OutOfPlace: lightning shield it self
(04:45 / Allies) Strydlied: Least it's not kobold stun
(04:51 / Allies) Strydlied: nothing you can do if low hp unit is stunned
(06:49 / All) MY-BDAY-TODAY.: yahoo.com.com
(08:35 / All) MY-BDAY-TODAY.: are u single?
(08:41 / All) MY-BDAY-TODAY.: purple?
(10:59 / Allies) OutOfPlace: lumber
(12:00 / All) MY-BDAY-TODAY.: hello drew
(14:18 / Allies) Tk_All_Day: coming blue
(14:29 / All) OutOfPlace: hero focusing faggot
(14:40 / Allies) WarFreakz: 7k blue feed me pls
(14:45 / All) OutOfPlace: can't even micro faggot jsut charges hero
(14:49 / All) OutOfPlace: macro*
(14:51 / Allies) Strydlied: Nay I don't trust you
(18:35 / Allies) Tk_All_Day: i gotcha
(19:25 / Allies) OutOfPlace: Lost my hero twice this game
(20:24 / Allies) Tk_All_Day: lol
(20:29 / Allies) WarFreakz: =)
(20:51 / Allies) WarFreakz: red thnks mugaro is playing so he is scared
(20:54 / All) Tk_All_Day: ROFL
(20:57 / Allies) Tk_All_Day: FUCKING FAIL
(21:01 / Allies) WarFreakz: right
(21:03 / All) MY-BDAY-TODAY.: wat
(21:06 / All) Tk_All_Day: your bats
(21:10 / Allies) Tk_All_Day: got 2 hipps
(21:12 / All) Tk_All_Day: got 2 hipps
(21:23 / All) MY-BDAY-TODAY.: its ok
(21:34 / All) MY-BDAY-TODAY.: u got gina to keep u compnay
(21:37 / All) WarFreakz: mugaro sai dlick his sack
(22:02 / All) Tk_All_Day: lol red
(22:24 / All) Tk_All_Day: you got 1 that time
(22:31 / All) WarFreakz: mugaro said niggger down
(22:36 / All) MY-BDAY-TODAY.: lol
(22:54 / All) MY-BDAY-TODAY.: im his old budd, jeff aka immessingaround
(23:35 / Allies) Tk_All_Day: purple É
(23:39 / Allies) Tk_All_Day: why
(23:51 / Allies) Strydlied: You shit talk then, cry now
(24:12 / Allies) Tk_All_Day: lol okay
(24:47 / Allies) Tk_All_Day: :D
(25:02 / All) OutOfPlace: You can run but you most certainly can't hide
(25:07 / Allies) Tk_All_Day: :D
(25:21 / Allies) Tk_All_Day: i like games
(25:29 / All) Strydlied: omw to middle
(26:11 / Allies) Tk_All_Day: well
(26:14 / Allies) Tk_All_Day: seeing as your tking me
(26:18 / Allies) Tk_All_Day: anyone want resources É
(26:20 / Allies) Strydlied: Sure
(26:22 / Allies) Strydlied: I'll take them all
(26:23 / Allies) OutOfPlace: Right here I can use them
(26:33 / Allies) Tk_All_Day: okay ill share half and half
(26:47 / Allies) Strydlied: Good work
(27:29 / All) Strydlied: are you two on vent?
(28:14 / All) Strydlied: They're dead
(28:24 / All) OutOfPlace: Leave whore
(28:26 / All) Strydlied: Just teal has to go now
(28:49 / All) OutOfPlace: do what you do best, suck a dick and cook a burrito
(29:38 / All) OutOfPlace: Go fix me a steak, medium rare
(32:20 / All) Strydlied: Down to last building
(32:21 / All) OutOfPlace: Any parting words, Gina?
(32:22 / All) Strydlied: Any final words for us?
(33:43 / All) OutOfPlace: It's a sorry looking Christmas tree
(33:50 / All) OutOfPlace: but it has lots of fine presents
(34:05 / All) OutOfPlace: You end it